[Event "Titled Tuesday Blitz April 19 Early 2022"]
[White "Piliczewski, Bogusz"]
[Black "Dwilewicz, Katarzyna"]
[WhiteFideId "1104144"]
[BlackFideId "1148486"]
[WhiteElo "1896"]
[BlackElo "1907"]
[Result "0-1"]
[Round "07"]
[TimeControl "180+1"]
[Date "2022.04.19"]
[WhiteClock "0:00:02"]
[BlackClock "0:00:02"]

1. d4 Nf6 2. Nf3 b6 3. Bf4 e6 4. e3 Bb7 5. Be2 Be7 6. h3 O-O 7. O-O c5 8. c3 d6 9. Nbd2 Nbd7 10. Nc4 Ne4 11. Bd3 Ndf6 12. Qc2 Rc8 13. Rad1 b5 14. Ncd2 Nxd2 15. Rxd2 Bxf3 16. gxf3 c4 17. Be2 Nh5 18. Bg3 Bh4 19. Kg2 Qg5 20. f4 Qh6 21. Bxh5 Qxh5 22. Qd1 Qxd1 23. Rdxd1 Bxg3 24. fxg3 d5 25. Rfe1 f5 26. Kf3 a5 27. a3 Rb8 28. g4 g6 29. Rg1 Kf7 30. h4 b4 31. axb4 axb4 32. Rg2 b3 33. Rdg1 Ra8 34. h5 fxg4+ 35. Rxg4 Rg8 36. hxg6+ hxg6 37. Rh1 Ra2 38. Rg2 Kg7 39. Rhg1 Kf6 40. Rh2 Rga8 41. Rhg2 Rg8 42. e4 dxe4+ 43. Kxe4 Rg7 44. Rh1 Ra5 45. Rh6 Kf7 46. Rg5 Rf5 47. Rh4 Kf6 48. Rgg4 Kf7 49. Rg5 Kf6 50. Rg2 Kf7 51. Rh6 Kf6 52. Rg3 Kf7 53. Rg5 Rf6 54. Ke5 Rf5+ 55. Rxf5+ gxf5 56. Rf6+ Kg8 57. Rxe6 Rg2 58. Kxf5 Rxb2 59. Kf6 Rc2 60. Re8+ Kh7 61. f5 b2 62. Rb8 Rf2 0-1


[Site "https://www.chess.com"]

[Event "Titled Tuesday Blitz April 19 Early 2022"]
[White "Polster, Christian"]
[Black "Papp, Levente"]
[WhiteFideId "12965081"]
[BlackFideId "751243"]
[WhiteElo "2341"]
[BlackElo "2308"]
[Result "0-1"]
[Round "07"]
[TimeControl "180+1"]
[Date "2022.04.19"]
[WhiteClock "0:00:28"]
[BlackClock "0:01:55"]

1. e4 e6 2. d4 d5 3. Nc3 Bb4 4. e5 Ne7 5. a3 Bxc3+ 6. bxc3 b6 7. Qg4 Ng6 8. h4 h5 9. Qg3 Ba6 10. Bxa6 Nxa6 11. Bg5 Qd7 12. Qd3 Qa4 13. Ne2 c5 14. f4 cxd4 15. Nxd4 Nc5 16. Qb5+ Qxb5 17. Nxb5 Kd7 18. O-O Ne7 19. Bxe7 Kxe7 20. f5 Ne4 21. Rf4 Rac8 22. Raf1 Ng3 23. f6+ gxf6 24. exf6+ Kd7 25. R1f3 Ne2+ 26. Kf2 Nxf4 27. Rxf4 a6 28. Nd4 e5 0-1


[Site "https://www.chess.com"]

[Event "Titled Tuesday Blitz April 19 Early 2022"]
[White "Popadic, Dragan"]
[Black "Ezat, Mohamed"]
[WhiteFideId "913650"]
[BlackFideId "10600906"]
[WhiteElo "2203"]
[BlackElo "2386"]
[Result "0-1"]
[Round "07"]
[TimeControl "180+1"]
[Date "2022.04.19"]
[WhiteClock "0:01:12"]
[BlackClock "0:01:05"]

1. e4 Nf6 2. e5 Nd5 3. d4 d6 4. Nf3 Bg4 5. Be2 e6 6. exd6 cxd6 7. h3 Bh5 8. c4 Nb6 9. Nc3 Be7 10. g4 Bg6 11. d5 e5 12. Bd3 N8d7 13. Be3 Rc8 14. b3 Nc5 15. Bxc5 Rxc5 16. h4 Bxd3 17. Qxd3 Rc8 18. Ne4 Nd7 19. Nfd2 h5 20. g5 Nf8 21. Ng3 Ng6 22. Nf5 Nf4 23. Qf3 O-O 24. O-O Qd7 25. Nxe7+ Qxe7 26. Ne4 f5 27. gxf6 Rxf6 28. Nxf6+ Qxf6 29. Kh2 Qxh4+ 30. Kg1 Rf8 31. Rfe1 Rf6 32. Re4 Qg5+ 33. Kf1 Nxd5 34. Qg3 Qxg3 0-1


[Site "https://www.chess.com"]

[Event "Titled Tuesday Blitz April 19 Early 2022"]
[White "Pranav, V"]
[Black "Gubajdullin, Alexei"]
[WhiteFideId "25060783"]
[BlackFideId "4141202"]
[WhiteElo "2349"]
[BlackElo "2266"]
[Result "1-0"]
[Round "07"]
[TimeControl "180+1"]
[Date "2022.04.19"]
[WhiteClock "0:00:42"]
[BlackClock "0:00:12"]

1. e4 g6 2. d4 Bg7 3. Nc3 d6 4. Bg5 h6 5. Bh4 Nc6 6. d5 Nd4 7. Nb1 c6 8. c3 Qb6 9. cxd4 Qxb2 10. Nd2 Bxd4 11. Rb1 Qxa2 12. Bc4 Qa5 13. Nf3 Bc3 14. O-O g5 15. Bg3 g4 16. Nb3 Qb4 17. Nfd2 Nf6 18. Qc2 b5 19. Bd3 cxd5 20. Bxb5+ Qxb5 21. Qxc3 O-O 22. e5 dxe5 23. Bxe5 Bf5 24. Ra1 Rfc8 25. Qe3 Nd7 26. Nd4 Qc5 27. Nxf5 Qxe3 28. fxe3 Nxe5 29. Nxe7+ Kg7 30. Nxc8 Rxc8 31. Rxa7 Rc2 32. Nb3 Re2 33. Nd4 Rd2 34. Nf5+ Kg6 35. Nd6 f6 36. Ne8 f5 37. Rg7+ 1-0


[Site "https://www.chess.com"]

[Event "Titled Tuesday Blitz April 19 Early 2022"]
[White "Prohorov, Olexandr"]
[Black "Ingebretsen, Jens E"]
[WhiteFideId "14105578"]
[BlackFideId "1522965"]
[WhiteElo "1993"]
[BlackElo "2072"]
[Result "0-1"]
[Round "07"]
[TimeControl "180+1"]
[Date "2022.04.19"]
[WhiteClock "0:00:02"]
[BlackClock "0:00:14"]

1. e4 e5 2. Nf3 Nc6 3. c3 d5 4. Qa4 Bd7 5. exd5 Nd4 6. Qd1 Nxf3+ 7. Qxf3 Nf6 8. d3 Bc5 9. Be3 Bxe3 10. fxe3 O-O 11. e4 c6 12. dxc6 Bxc6 13. Nd2 Nd7 14. O-O-O Nc5 15. Nc4 f6 16. g4 b5 17. Ne3 a5 18. Nd5 b4 19. c4 Ne6 20. h4 Nd4 21. Qf2 Bxd5 22. exd5 a4 23. Bg2 Qa5 24. Kb1 Qc5 25. h5 a3 26. b3 Nxb3 27. Qxc5 Nxc5 28. h6 b3 29. d4 exd4 30. Rxd4 Rfb8 31. Rd2 Na4 32. Rd3 bxa2+ 33. Ka1 Rb2 34. Bf3 Nc5 35. d6 Ra7 36. Bd5+ Kf8 37. hxg7+ Kxg7 38. Rdh3 Nb3+ 39. Rxb3 Rxb3 40. c5 Rd3 41. Bxa2 Rc3 42. Rd1 Rd7 43. Be6 Rd8 44. Ka2 Rxc5 45. d7 Re5 46. Bf5 h5 47. Kxa3 hxg4 48. Bxg4 Re3+ 49. Kb4 Re4+ 50. Rd4 Rxd4+ 0-1


[Site "https://www.chess.com"]

[Event "Titled Tuesday Blitz April 19 Early 2022"]
[White "Przybylski, Wojciech"]
[Black "Ardila, Oscar Humberto"]
[WhiteFideId "1117599"]
[BlackFideId "4404742"]
[WhiteElo "2133"]
[BlackElo "1983"]
[Result "1-0"]
[Round "07"]
[TimeControl "180+1"]
[Date "2022.04.19"]
[WhiteClock "0:00:25"]
[BlackClock "0:00:04"]

1. d4 Nf6 2. c4 g6 3. Nc3 Bg7 4. e4 d6 5. Nf3 O-O 6. h3 Nbd7 7. Be3 e5 8. d5 Nc5 9. Nd2 a5 10. g4 c6 11. Bg2 cxd5 12. Nxd5 Nxd5 13. cxd5 Nd3+ 14. Kf1 b6 15. b3 Ba6 16. Kg1 Rc8 17. Nc4 Bxc4 18. bxc4 Nf4 19. Bf1 f5 20. Rb1 Rb8 21. Qd2 fxe4 22. Bg2 Nxg2 23. Kxg2 Qf6 24. Qe2 Qf3+ 25. Qxf3 exf3+ 26. Kg3 e4 27. h4 Be5+ 28. Kh3 Rfc8 29. Rhc1 h5 30. Rxb6 Rxb6 31. Bxb6 hxg4+ 32. Kxg4 Kf7 33. Be3 a4 34. c5 dxc5 35. Rxc5 Rxc5 36. Bxc5 Kf6 37. Bb6 Ke7 38. Kg5 Kd6 39. Kxg6 Kxd5 40. h5 Bd4 41. Bxd4 Kxd4 42. h6 e3 43. h7 exf2 44. h8=Q+ Ke3 45. Qe5+ Kd2 46. Qd4+ Ke2 47. Qe4+ Kd2 48. Qxf3 Ke1 49. Qe4+ Kd2 50. Qf3 Ke1 51. Qe3+ Kf1 52. Kg5 Kg2 53. Qe4+ Kg1 54. Qg4+ Kh2 55. Qf3 Kg1 56. Qg3+ Kf1 57. Kf4 a3 58. Ke3 1-0


[Site "https://www.chess.com"]

[Event "Titled Tuesday Blitz April 19 Early 2022"]
[White "Redor, Menandro"]
[Black "Urbina Perez, Juan Antonio"]
[WhiteFideId "5222010"]
[BlackFideId "2217368"]
[WhiteElo "1986"]
[BlackElo "2192"]
[Result "0-1"]
[Round "07"]
[TimeControl "180+1"]
[Date "2022.04.19"]
[WhiteClock "0:00:03"]
[BlackClock "0:00:42"]

1. c3 d5 2. d4 c5 3. Bf4 cxd4 4. cxd4 Nc6 5. Nc3 Nf6 6. e3 a6 7. Bd3 Bg4 8. Nge2 Bxe2 9. Qxe2 e6 10. O-O Bd6 11. Bg5 h6 12. Bh4 Qc7 13. f4 g5 14. Bg3 O-O-O 15. Rac1 Kb8 16. Na4 Rdg8 17. Nc5 gxf4 18. Bxf4 Ne4 19. Bxe4 Bxf4 20. Rxf4 dxe4 21. Rxe4 Rg5 22. Rf4 Rhg8 23. Rf2 Qd6 24. Qf3 Nd8 25. g3 Rxg3+ 26. hxg3 Rxg3+ 27. Kf1 Rxf3 28. Rxf3 Qh2 29. Nd3 Qd2 30. Rc3 f5 0-1


[Site "https://www.chess.com"]

[Event "Titled Tuesday Blitz April 19 Early 2022"]
[White "Reprintsev, Alexander"]
[Black "Bilych, Olexiy"]
[WhiteFideId "14100541"]
[BlackFideId "14156504"]
[WhiteElo "2108"]
[BlackElo "2176"]
[Result "0-1"]
[Round "07"]
[TimeControl "180+1"]
[Date "2022.04.19"]
[WhiteClock "0:00:30"]
[BlackClock "0:01:16"]

1. e4 e5 2. Nf3 Nc6 3. Bc4 Bc5 4. b4 Bxb4 5. c3 Ba5 6. d4 b5 7. Bxb5 Nxd4 8. Nxd4 exd4 9. O-O Ne7 10. cxd4 O-O 11. Ba3 d6 12. Nd2 Bb6 13. Nb3 Bb7 14. Qd3 Ng6 15. Bc1 Qh4 16. f3 a6 17. Bc4 Ne5 18. Qe2 Nxc4 19. Qxc4 a5 20. Rd1 a4 21. Nd2 Ba6 22. Qc3 Be2 23. g3 Qf6 24. e5 dxe5 25. Ne4 Qxf3 26. Qxf3 Bxf3 27. Nc5 Bxd1 0-1


[Site "https://www.chess.com"]

[Event "Titled Tuesday Blitz April 19 Early 2022"]
[White "Richter, Nils"]
[Black "Trost, Edvin"]
[WhiteFideId "12990809"]
[BlackFideId "1729519"]
[WhiteElo "2243"]
[BlackElo "2160"]
[Result "0-1"]
[Round "07"]
[TimeControl "180+1"]
[Date "2022.04.19"]
[WhiteClock "0:00:37"]
[BlackClock "0:00:17"]

1. c4 b5 2. cxb5 Bb7 3. Nc3 d5 4. d4 Nf6 5. Nf3 Nbd7 6. Bf4 e6 7. e3 Bb4 8. a3 Bd6 9. Bd3 Ne4 10. O-O f5 11. Ne5 O-O 12. f3 Nxc3 13. bxc3 g5 14. Bg3 f4 15. Nxd7 Qxd7 16. Bf2 e5 17. Qc2 Rae8 18. e4 exd4 19. Bxd4 dxe4 20. Bc4+ Rf7 21. fxe4 Bxe4 22. Qb3 Bg6 23. Rae1 Kf8 24. Rxe8+ Qxe8 25. Bxf7 Bxf7 26. Qb1 Bg6 27. Qd1 Qxb5 28. Re1 a5 29. Qe2 Qxe2 30. Rxe2 a4 31. Be5 Bxa3 32. Bxc7 Bc5+ 33. Kh1 a3 34. Ba5 Bb1 35. c4 Bd3 36. Ra2 Bxc4 37. Rc2 a2 38. Bc3 Bb3 39. Rc1 Kf7 40. Ba1 Be7 41. h3 Be6 42. Kg1 Bf5 43. Kf2 Bb1 44. Rc7 Ke6 45. Ra7 Bc5+ 0-1


[Site "https://www.chess.com"]

[Event "Titled Tuesday Blitz April 19 Early 2022"]
[White "Rodchenkov, Vitaly"]
[Black "Simonovic, Miroslav"]
[WhiteFideId "4152964"]
[BlackFideId "919152"]
[WhiteElo "2337"]
[BlackElo "2043"]
[Result "1-0"]
[Round "07"]
[TimeControl "180+1"]
[Date "2022.04.19"]
[WhiteClock "0:00:17"]
[BlackClock "0:00:03"]

1. Nf3 c5 2. c4 Nc6 3. Nc3 e5 4. g3 g6 5. d3 Bg7 6. Bg2 Nge7 7. O-O O-O 8. Ne1 h6 9. Nc2 d6 10. Ne3 f5 11. Ned5 g5 12. Rb1 a5 13. a3 f4 14. b4 axb4 15. axb4 cxb4 16. Nxb4 Nxb4 17. Rxb4 Nc6 18. Rb1 g4 19. Re1 Nd4 20. Nb5 Nxe2+ 21. Qxe2 f3 22. Bxf3 gxf3 23. Qe4 Qf6 24. Nc7 Ra2 25. Rb2 Ra1 26. Bd2 Rxe1+ 27. Qxe1 Qf5 28. Qf1 Qh5 29. Nd5 e4 30. Rb6 Bf5 31. Ne7+ Kh8 32. Nxf5 Qxf5 33. Rxd6 exd3 34. Qxd3 Qh3 35. Qf1 Qh5 36. Be3 b5 37. c5 b4 38. Rb6 1-0


[Site "https://www.chess.com"]

[Event "Titled Tuesday Blitz April 19 Early 2022"]
[White "Rom, Jasper"]
[Black "Stefanov, Plamen"]
[WhiteFideId "2023733"]
[BlackFideId "2900980"]
[WhiteElo "2233"]
[BlackElo "2137"]
[Result "1-0"]
[Round "07"]
[TimeControl "180+1"]
[Date "2022.04.19"]
[WhiteClock "0:00:10"]
[BlackClock "0:00:16"]

1. e4 d5 2. exd5 Nf6 3. d4 Nxd5 4. c4 Nb6 5. Nc3 e5 6. dxe5 Qxd1+ 7. Nxd1 Nc6 8. Nf3 Be6 9. b3 Bb4+ 10. Bd2 Bxd2+ 11. Kxd2 O-O-O+ 12. Kc3 Bg4 13. Be2 Bxf3 14. Bxf3 Nxe5 15. Be2 Rhe8 16. Ne3 g6 17. Rad1 f5 18. g3 c6 19. Rhe1 Nf7 20. c5 Nd7 21. b4 Ng5 22. Bd3 Nf3 23. Re2 Nde5 24. h4 a6 25. Bc2 h5 26. Rxd8+ Rxd8 27. Nc4 Nxc4 28. Kxc4 Rd2 29. Rxd2 Nxd2+ 30. Kd4 Nf3+ 31. Ke3 Kd7 32. Kxf3 Ke6 33. Bb3+ Ke5 34. Ke3 Kf6 35. f4 Ke7 36. Kd4 Kd7 37. Ke5 Ke7 38. Bc4 Kd7 39. Kf6 Kc7 40. Kxg6 b5 41. Bb3 a5 42. a3 axb4 43. axb4 Kd7 44. Kxf5 Ke7 45. Kg5 Kf8 46. Kxh5 Kg7 47. Kg5 Kh7 48. h5 Kg7 49. g4 Kh7 50. f5 Kg7 51. f6+ Kh7 52. Kf5 Kh8 53. g5 Kh7 54. g6+ Kh8 55. g7+ Kh7 56. g8=Q+ Kh6 57. Qg6# 1-0


[Site "https://www.chess.com"]

[Event "Titled Tuesday Blitz April 19 Early 2022"]
[White "Rozman, Levy"]
[Black "Postnikov, Daniil"]
[WhiteFideId "2039877"]
[BlackFideId "4166329"]
[WhiteElo "2376"]
[BlackElo "2261"]
[Result "1/2-1/2"]
[Round "07"]
[TimeControl "180+1"]
[Date "2022.04.19"]
[WhiteClock "0:00:04"]
[BlackClock "0:00:10"]

1. d4 Nf6 2. Nc3 d5 3. Bf4 e6 4. e3 a6 5. g4 Bb4 6. Ne2 b5 7. a3 Be7 8. g5 Nfd7 9. h4 c5 10. Bg2 Bb7 11. Bg3 Nc6 12. e4 e5 13. Nxd5 cxd4 14. O-O O-O 15. f4 Rc8 16. f5 f6 17. gxf6 Nxf6 18. Kh2 Bd6 19. c3 dxc3 20. Nexc3 Nd4 21. Rg1 Kh8 22. Ne3 a5 23. h5 h6 24. Rc1 Qe7 25. Bh4 Qf7 26. Bf3 b4 27. axb4 axb4 28. Bg4 bxc3 29. bxc3 Nc6 30. Qxd6 Rcd8 31. Qe6 Rd3 32. Bxf6 Rxe3 33. Bxg7+ Kxg7 34. Bd1+ Kh7 35. Qd6 Rxe4 36. Rg6 Rh4+ 37. Kg3 Rf4 38. Rxh6+ Kg7 39. Rg6+ Kh7 40. Bc2 Ne7 41. f6 Rf3+ 42. Kh2 Rf2+ 43. Kg1 Rxc2 44. Rg7+ Qxg7+ 45. fxg7 Rxc1+ 46. Kh2 Rg8 47. Qxe7 Rxg7 48. Qxe5 Rcg1 49. Qf5+ Kh8 50. Qf8+ Kh7 51. Qf5+ Kh8 52. Qf8+ Kh7 53. Qf5+ 1/2-1/2


[Site "https://www.chess.com"]

[Event "Titled Tuesday Blitz April 19 Early 2022"]
[White "Rustemov, Alexander"]
[Black "Mokshanov, Alexey"]
[WhiteFideId "4119002"]
[BlackFideId "24121657"]
[WhiteElo "2773"]
[BlackElo "2141"]
[Result "1-0"]
[Round "07"]
[TimeControl "180+1"]
[Date "2022.04.19"]
[WhiteClock "0:01:08"]
[BlackClock "0:00:34"]

1. d4 d5 2. c4 e6 3. Nc3 c6 4. e3 Nf6 5. Nf3 Nbd7 6. Qc2 Bd6 7. Bd2 O-O 8. O-O-O e5 9. cxd5 Nxd5 10. Nxd5 cxd5 11. dxe5 Nxe5 12. Bc3 Nxf3 13. gxf3 Qe7 14. Rg1 Be5 15. Bxe5 Qxe5 16. f4 Qf6 17. Kb1 Bf5 18. Bd3 Bxd3 19. Qxd3 Rfd8 20. Qd4 Qf5+ 21. Ka1 g6 22. Rg5 Qh3 23. Rxd5 Rxd5 24. Qxd5 Qxh2 25. Qxb7 Rf8 26. Qf3 Rc8 27. a3 Qh4 28. Qe2 Qf6 29. Kb1 h5 30. Rd4 Qc6 31. Qd3 Kg7 32. Rd6 Qc1+ 33. Ka2 Qc4+ 34. Qxc4 Rxc4 35. Rd1 Rc2 36. Rf1 Kf6 37. Kb3 Re2 38. Kc3 Kf5 39. b4 Ke4 40. a4 Kf3 41. b5 Rxf2 42. Rxf2+ Kxf2 43. a5 h4 44. b6 axb6 45. a6 h3 46. a7 h2 47. a8=Q Kg1 48. Qa1+ Kg2 49. Qb2+ Kg1 50. Qc1+ Kg2 51. Qd2+ Kg1 52. Qe1+ Kg2 53. Qe2+ Kg1 54. Qg4+ Kf2 55. Qh3 1-0


[Site "https://www.chess.com"]

[Event "Titled Tuesday Blitz April 19 Early 2022"]
[White "Samant Aditya S"]
[Black "Lysyj, Igor"]
[WhiteFideId "35080580"]
[BlackFideId "4150120"]
[WhiteElo "1916"]
[BlackElo "2611"]
[Result "1-0"]
[Round "07"]
[TimeControl "180+1"]
[Date "2022.04.19"]
[WhiteClock "0:00:04"]
[BlackClock "0:00:04"]

1. e4 e5 2. Nf3 Nc6 3. Bb5 a6 4. Ba4 Nf6 5. O-O Nxe4 6. d4 b5 7. Bb3 d5 8. dxe5 Be6 9. Be3 Be7 10. c3 Qd7 11. Nbd2 Rd8 12. Bc2 Bf5 13. a4 O-O 14. axb5 axb5 15. Nxe4 Bxe4 16. Bxe4 dxe4 17. Qxd7 Rxd7 18. e6 fxe6 19. Nd2 Ne5 20. Ra6 Nd3 21. b4 Rd6 22. Ra7 Rc6 23. Nxe4 Bf6 24. Rd1 Nb2 25. Rd7 Rc8 26. Bc5 Na4 27. Kf1 Nxc3 28. Nxc3 Bxc3 29. Ke2 Be5 30. g3 Bd6 31. Bxd6 Rxd6 32. Raxc7 Rxc7 33. Rxd6 Rc4 34. Rxe6 Rxb4 35. Rb6 h6 36. Rb7 Rb3 37. Kf1 Rb2 38. Kg2 b4 39. g4 g5 40. Kg3 b3 41. f3 Kh8 42. h4 Kg8 43. hxg5 hxg5 44. Rb5 Kf7 45. Rxg5 Rc2 46. Rb5 b2 47. Kf4 Ke6 48. g5 Kd6 49. Kg4 Kc6 50. Rb3 Kc5 51. f4 Kc4 52. Rb8 Kc3 53. g6 Rg2+ 54. Kh5 Kc2 55. Rxb2+ Kxb2 56. f5 Kc3 57. f6 Kd4 58. g7 Ke5 59. f7 Rxg7 60. f8=Q Rd7 61. Kg6 Rd6+ 62. Kg5 Rd5 63. Qe7+ Kd4+ 64. Kf4 Kc4 65. Ke4 Rc5 66. Qe6+ Kc3 67. Qd7 Rc4+ 68. Ke3 Rb4 69. Qd3+ Kb2 70. Kd2 Ka2 71. Qd5+ Ka3 72. Kc3 Rc4+ 73. Kxc4 1-0


[Site "https://www.chess.com"]

[Event "Titled Tuesday Blitz April 19 Early 2022"]
[White "Samarth, J Rao"]
[Black "Gracia Alvarez, Gerardo Antonio"]
[WhiteFideId "46652370"]
[BlackFideId "5109124"]
[WhiteElo "1514"]
[BlackElo "2139"]
[Result "0-1"]
[Round "07"]
[TimeControl "180+1"]
[Date "2022.04.19"]
[WhiteClock "0:00:03"]
[BlackClock "0:00:04"]

1. c4 c5 2. e3 g6 3. d4 Bg7 4. d5 d6 5. e4 Nf6 6. Nc3 O-O 7. Nf3 e6 8. Bd3 exd5 9. cxd5 Bg4 10. h3 Bxf3 11. Qxf3 a6 12. a4 Nbd7 13. Bc2 Re8 14. O-O b6 15. Qg3 Rb8 16. Qxd6 b5 17. axb5 axb5 18. Ra7 b4 19. Ne2 Bf8 20. Qf4 Nxd5 21. exd5 Rxe2 22. Ba4 Ne5 23. Rd1 Bd6 24. Qg5 Qxg5 25. Bxg5 Rxb2 26. f4 Nc4 27. Bf6 Ra2 28. Ra6 b3 29. Rb1 b2 30. Bb5 Na3 31. Bf1 Bxf4 32. d6 Bxd6 33. Rxd6 Nxb1 34. Bc4 Ra1 35. Rd7 Nd2+ 36. Kh2 Nxc4 37. Rxf7 Kxf7 38. Bc3 b1=Q 39. Bd4 Qh1+ 40. Kg3 Qe1+ 41. Kg4 Nd6 42. Kg5 Qe4 43. Kh6 cxd4 44. g4 g5 45. Kh5 Qg6# 0-1


[Site "https://www.chess.com"]

[Event "Titled Tuesday Blitz April 19 Early 2022"]
[White "Samunenkov, Ihor"]
[Black "Kamsky, Gata"]
[WhiteFideId "14187086"]
[BlackFideId "2000024"]
[WhiteElo "2409"]
[BlackElo "2645"]
[Result "1/2-1/2"]
[Round "07"]
[TimeControl "180+1"]
[Date "2022.04.19"]
[WhiteClock "0:00:06"]
[BlackClock "0:00:15"]

1. d4 Nf6 2. c4 e6 3. Nc3 Bb4 4. e3 O-O 5. Bd2 b6 6. Nf3 Bb7 7. Bd3 c5 8. a3 Bxc3 9. Bxc3 d6 10. O-O Nbd7 11. b3 Qe7 12. Qc2 Bxf3 13. gxf3 e5 14. dxe5 dxe5 15. Bf5 Rfe8 16. Rad1 Nf8 17. Kh1 Rad8 18. Rxd8 Qxd8 19. Rd1 Qc7 20. Qd2 Qb7 21. Kg2 Ng6 22. Bxg6 hxg6 23. Qd6 Re6 24. Qd8+ Re8 25. Qd6 Re6 26. Qd8+ Kh7 27. Qf8 Re8 28. Qd6 Re6 29. Qf8 e4 30. f4 Re8 31. Qd6 Qc8 32. Bxf6 Qg4+ 33. Kf1 gxf6 34. Qd7 Qe6 35. Qxe6 Rxe6 36. Rd7 a5 37. Rxf7+ Kh6 38. Rd7 f5 39. h3 Rc6 40. Kg2 Rc8 41. Rd6 Rb8 42. Kf1 a4 43. bxa4 Ra8 44. Rxb6 Rxa4 45. Rc6 Rxc4 46. Kg2 Rc2 47. a4 c4 48. a5 c3 49. a6 Ra2 50. Rxc3 Rxa6 51. Kg3 Ra2 52. Rc8 Rb2 53. Rh8+ Kg7 54. Ra8 Kh6 55. Ra6 Rc2 56. Rd6 Rb2 57. f3 exf3 58. Kxf3 Rh2 59. Kg3 Re2 60. Re6 Kg7 61. Re7+ Kf6 62. Re8 Kf7 63. Re5 Kf6 64. h4 Re1 65. Kf2 Rh1 66. Kg3 Rg1+ 67. Kh2 Rg4 68. Kh3 Rg1 69. Ra5 Rh1+ 70. Kg3 Rg1+ 71. Kh2 Re1 72. Ra6+ Kg7 73. Ra3 Kh6 74. Kg3 Rg1+ 75. Kh2 Re1 76. Kg3 Rg1+ 77. Kh2 Rg4 78. Kh3 Kh5 79. Ra8 Rxh4+ 80. Kg3 Rg4+ 81. Kf3 Kh6 82. Rh8+ Kg7 83. Ra8 Rh4 84. e4 Rh3+ 85. Kg2 Rh4 86. Ra7+ Kg8 87. exf5 Rxf4 88. fxg6 Rg4+ 89. Kf3 Rxg6 90. Ra8+ Kg7 91. Ra7+ Kf6 92. Ra6+ 1/2-1/2


[Site "https://www.chess.com"]

[Event "Titled Tuesday Blitz April 19 Early 2022"]
[White "Sapunov, Evgeny"]
[Black "Aroesti, Roee"]
[WhiteFideId "4126661"]
[BlackFideId "2817144"]
[WhiteElo "2470"]
[BlackElo "2068"]
[Result "1-0"]
[Round "07"]
[TimeControl "180+1"]
[Date "2022.04.19"]
[WhiteClock "0:00:32"]
[BlackClock "0:00:05"]

1. c4 Nf6 2. Nf3 g6 3. Nc3 Bg7 4. e4 d6 5. d4 O-O 6. Be2 Nc6 7. d5 Nb8 8. O-O Nbd7 9. Re1 c6 10. Bg5 Qc7 11. Qd2 Re8 12. Rac1 a6 13. a3 Nc5 14. Qc2 a5 15. b4 axb4 16. axb4 Ncd7 17. Qb3 Ng4 18. h3 Nge5 19. Nd2 h6 20. Be3 g5 21. c5 Ng6 22. cxd6 Qxd6 23. Red1 Qf6 24. Bf1 Nde5 25. b5 Bd7 26. dxc6 bxc6 27. b6 g4 28. hxg4 Nxg4 29. Bc5 N6e5 30. f3 Be6 31. Qb4 Rad8 32. Ncb1 Rxd2 33. Nxd2 Qh4 34. fxg4 Bxg4 35. Re1 Bf6 36. Bf2 Qh5 37. b7 Nd7 38. e5 Bxe5 39. Rxe5 Nxe5 40. b8=Q Rxb8 41. Qxb8+ Kh7 42. Qb1+ Bf5 43. Qb3 Ng4 44. Qg3 e5 45. Be2 e4 46. Nxe4 Qg6 47. Bxg4 Bxg4 48. Qxg4 Qxg4 49. Nf6+ Kg6 50. Nxg4 f5 51. Ne3 Kh5 52. Rc5 Kg6 53. Rxf5 Kh7 54. Rc5 Kg8 55. g4 Kg7 56. Kg2 Kh7 57. Kg3 Kh8 58. Kf4 Kg8 59. Rxc6 Kg7 60. Kf5 Kh7 61. Rc7+ Kg8 62. Kf6 h5 63. gxh5 Kf8 64. Rc8# 1-0


[Site "https://www.chess.com"]

[Event "Titled Tuesday Blitz April 19 Early 2022"]
[White "Sarkar, Justin"]
[Black "Hirneise, Jens"]
[WhiteFideId "2010011"]
[BlackFideId "24614734"]
[WhiteElo "2038"]
[BlackElo "2359"]
[Result "1-0"]
[Round "07"]
[TimeControl "180+1"]
[Date "2022.04.19"]
[WhiteClock "0:00:04"]
[BlackClock "0:01:22"]

1. d4 d5 2. c4 e6 3. Nf3 Nf6 4. Nc3 Bb4 5. cxd5 exd5 6. Bf4 O-O 7. e3 c6 8. Bd3 Re8 9. O-O Bg4 10. h3 Bh5 11. g4 Bg6 12. Ne5 Nfd7 13. Nxg6 hxg6 14. Qb3 Bxc3 15. bxc3 b6 16. c4 g5 17. Bg3 Nf6 18. Rac1 Ne4 19. Bxe4 dxe4 20. c5 b5 21. Rfd1 Qc8 22. d5 cxd5 23. Qxd5 Nc6 24. Qxg5 Nb4 25. Be5 Rxe5 26. Qxe5 Nd3 27. Qxe4 Nxc1 28. Rxc1 Rb8 29. c6 Qc7 30. Qd5 b4 31. Qd7 Rc8 32. Qxc7 Rxc7 33. Kf1 Kf8 34. Ke2 Ke7 35. Kd3 Kd6 36. Rc4 a5 37. f4 g6 38. e4 f6 39. h4 Rc8 40. c7 Kd7 41. Kc2 a4 42. Kd3 Kd6 43. h5 gxh5 44. gxh5 Kd7 45. h6 b3 46. axb3 a3 47. Kc2 f5 48. exf5 Kd6 49. Kb1 Kd7 50. Ka2 Ke7 51. h7 Kd7 52. h8=Q Rxh8 53. c8=Q+ Rxc8 54. Rxc8 Kxc8 55. Kxa3 Kd7 56. b4 Ke7 57. b5 Kf6 58. b6 Kxf5 59. b7 Kxf4 60. b8=Q+ Ke4 61. Qd6 Kf5 62. Kb4 Ke4 63. Kc4 Kf5 64. Qe7 Kg4 65. Kd4 Kf5 66. Qf7+ Kg4 67. Ke4 Kg3 68. Qf3+ 1-0


[Site "https://www.chess.com"]

[Event "Titled Tuesday Blitz April 19 Early 2022"]
[White "Schekachikhin, Maksim"]
[Black "Papp, Petra"]
[WhiteFideId "24177830"]
[BlackFideId "739049"]
[WhiteElo "2230"]
[BlackElo "2259"]
[Result "0-1"]
[Round "07"]
[TimeControl "180+1"]
[Date "2022.04.19"]
[WhiteClock "0:00:39"]
[BlackClock "0:01:11"]

1. d4 d5 2. c4 c6 3. Nc3 Nf6 4. e3 Bf5 5. cxd5 cxd5 6. Qb3 Bc8 7. Nf3 e6 8. Ne5 Bd6 9. f4 O-O 10. Bd3 b6 11. O-O Ba6 12. Bxa6 Nxa6 13. Bd2 Ne4 14. Nxe4 dxe4 15. Rfc1 Nc7 16. Rc6 Nd5 17. Rac1 Qe7 18. a4 Bb4 19. Bxb4 Qxb4 20. Qxb4 Nxb4 21. Rc7 Nd5 22. Rb7 Nxe3 23. Rcc7 Nd5 24. Rxf7 Rxf7 25. Rxf7 e3 26. Kf1 Rc8 27. Rxa7 Nxf4 28. Nf3 Rc1+ 29. Ne1 Nd3 0-1


[Site "https://www.chess.com"]

[Event "Titled Tuesday Blitz April 19 Early 2022"]
[White "Shimanov, Aleksandr"]
[Black "Kezin, Roman"]
[WhiteFideId "4198603"]
[BlackFideId "24124621"]
[WhiteElo "2636"]
[BlackElo "2570"]
[Result "0-1"]
[Round "07"]
[TimeControl "180+1"]
[Date "2022.04.19"]
[WhiteClock "0:01:26"]
[BlackClock "0:00:43"]

1. d4 d5 2. Nc3 Nf6 3. Bf4 a6 4. e3 e6 5. g4 c5 6. g5 Nfd7 7. Nf3 Nc6 8. h4 b5 9. a3 Nb6 10. Ne5 Bb7 11. Qf3 cxd4 12. Nxc6 Bxc6 13. exd4 Bd6 14. Bd3 Qc7 15. Bxd6 Qxd6 16. Qg3 Qxg3 0-1


[Site "https://www.chess.com"]

[Event "Titled Tuesday Blitz April 19 Early 2022"]
[White "Shimelkov, Vasiliy"]
[Black "Sanchez, Robert"]
[WhiteFideId "13701630"]
[BlackFideId "2034360"]
[WhiteElo "2073"]
[BlackElo "2387"]
[Result "1-0"]
[Round "07"]
[TimeControl "180+1"]
[Date "2022.04.19"]
[WhiteClock "0:00:26"]
[BlackClock "0:00:16"]

1. d4 d5 2. Nf3 c6 3. c4 Nf6 4. Nc3 dxc4 5. a4 Bf5 6. e3 e6 7. Bxc4 Nbd7 8. O-O Bb4 9. Qe2 Bg6 10. Rd1 O-O 11. Ne5 Qa5 12. Nxg6 hxg6 13. Bd2 e5 14. d5 Nb6 15. dxc6 Nxc4 16. cxb7 Rab8 17. Qxc4 Rxb7 18. Qe2 Rd8 19. h3 Rbd7 20. Be1 e4 21. Rxd7 Rxd7 22. Rd1 Rxd1 23. Qxd1 Kh7 24. Kf1 g5 25. Ne2 Bxe1 26. Qxe1 Qxa4 27. Nd4 a5 28. Kg1 Nd5 29. Qe2 g6 30. b3 Qb4 31. Qc2 Nc3 32. Kh2 f5 33. g3 Qc5 34. Ne6 Qe7 35. Nxg5+ Qxg5 36. Qxc3 Qd8 37. Qc4 Qd2 38. Qf7+ Kh8 39. Kg2 Qe2 40. Qxg6 Qf3+ 41. Kg1 Qd1+ 42. Kh2 Qf3 43. Qe8+ Kg7 44. Qd7+ Kf6 45. Kg1 Qe2 46. Qd8+ Kf7 47. Qxa5 Qe1+ 48. Qxe1 1-0


[Site "https://www.chess.com"]

[Event "Titled Tuesday Blitz April 19 Early 2022"]
[White "Shipov, Sergei"]
[Black "Sjoberg, Isak"]
[WhiteFideId "4113624"]
[BlackFideId "1521640"]
[WhiteElo "2766"]
[BlackElo "2016"]
[Result "1-0"]
[Round "07"]
[TimeControl "180+1"]
[Date "2022.04.19"]
[WhiteClock "0:02:23"]
[BlackClock "0:02:32"]

1. d4 f6 2. e4 Kf7 3. c4 e6 4. Nc3 h5 5. Bd3 c5 6. d5 Na6 7. f4 Nc7 8. Nf3 a6 9. a4 Nh6 10. O-O g6 11. e5 f5 12. d6 Ne8 13. a5 Kg8 14. Be3 Nf7 15. Bxc5 Bh6 16. Bb6 1-0


[Site "https://www.chess.com"]